 Dungeon Crawl Stone Soup version 0.24-a0-528-g98e85ec62a (webtiles) character file.

Game seed: 8620283010462847521

46 Gynju the Cudgeler (level 3, -2/31 HPs)
             Began as a Hill Orc Fighter on Aug 5, 2019.
             Succumbed to a goblin's poison
             ... on level 1 of the Dungeon.
             The game lasted 00:00:59 (725 turns).

Gynju the Cudgeler (Hill Orc Fighter)                Turns: 725, Time: 00:01:00

Health: -2/31      AC: 11    Str: 19    XL:     3   Next: 66%
Magic:  3/3        EV:  3    Int:  8    God:
Gold:   64         SH:  9    Dex: 10    Spells: 2/2 levels left

rFire    . . .     SeeInvis .   a - +0 flail
rCold    . . .     Gourm    .   c - +0 shield
rNeg     . . .     Faith    .   h - +0 plate armour
rPois    .         Spirit   .   (no helmet)
rElec    .         Reflect  .   b - scarf {cloud immunity}
rCorr    .         Harm     .   (no gloves)
MR       .....                  (no boots)
Stlth    ..........             (no amulet)
HPRegen  0.10/turn              (no ring)
MPRegen  0.08/turn              (no ring)

@: lethally poisoned (-2 -> -34)
A: no striking features
a: no special abilities


You were on level 1 of the Dungeon.
You were not hungry.

You visited 1 branch of the dungeon, and saw 1 of its levels.

You collected 64 gold pieces.

Inventory:

Hand Weapons
 a - a +0 flail (weapon)
Armour
 b - a scarf of cloud immunity (worn)
 c - a +0 shield (worn)
 h - a +0 plate armour (worn)
Scrolls
 e - a scroll of immolation {unknown}
 i - a scroll of identify {unknown}
Potions
 d - a potion of might
Comestibles
 f - a ration
 g - 2 chunks of flesh


   Skills:
 - Level 3.6 Fighting
 + Level 4.3 Maces & Flails
 - Level 3.2 Armour
 - Level 3.2 Shields


You had 2 spell levels left.
You didn't know any spells.
Your spell library was empty.

Dungeon Overview and Level Annotations

Branches:
Dungeon (1/15)

Altars:


Message History

You are too injured to fight recklessly!
You are too injured to fight recklessly!
You are too injured to fight recklessly!
You are too injured to fight recklessly!
You hit the goblin.
You kill the goblin!
* * * LOW HITPOINT WARNING * * *
You feel very sick.
The kobold hits you but does no damage. x2
* * * LOW HITPOINT WARNING * * *
You feel very sick. The kobold barely misses you.
Things that are here:
a +1 dagger of venom; a goblin corpse You closely miss the kobold.
* * * LOW HITPOINT WARNING * * *
You feel very sick. You block the kobold's attack.
You closely miss the kobold.
You die...

### #...#. #
#######...#. >
#.........#. #
#.........#. ########
#.......#### ......#
######### # ####....#
........### #
.......@..#### #
...##..K.....## #
#.....##..## #
#....≈.....## #
#............## #
#...(..........#### #
...................####
.......................
..........§.........###


You could see a kobold.

Vanquished Creatures
  2 oozes (D:1)
  A dart slug (D:1)
  3 bats (D:1)
  A giant cockroach (D:1)
  9 goblins (D:1)
  3 hobgoblins (D:1)
  2 frilled lizards (D:1)
  A kobold (D:1)
  15 rats (D:1)
37 creatures vanquished.

Notes
Turn   | Place    | Note
-------+----------+-------------------------------------------
     0 | D:1      | Gynju the Hill Orc Fighter began the quest for the Orb.
     0 | D:1      | Reached XP level 1. HP: 19/19 MP: 1/1
    88 | D:1      | Reached skill level 3 in Maces & Flails
    88 | D:1      | Reached XP level 2. HP: 26/26 MP: 2/2
   212 | D:1      | Reached XP level 3. HP: 18/31 MP: 3/3
   222 | D:1      | Reached skill level 4 in Maces & Flails
   724 | D:1      | HP: 1/31 [poisoned by a goblin]
   725 | D:1      | Succumbed to a goblin's poison

Levels and vault maps discovered:
D:1:      erik_arrival_orb_chamber, layout_basic, minmay_tree_intersection,
          kennysheep_decorative_pillar, minmay_misc_feat_ornament

Skill      XL: |  1  2  3 |
---------------+----------+-----
Maces & Flails | 3 4 |  4.3
Fighting       | |  3.6
Armour         | |  3.2
Shields        | |  3.2

Action                   || total
-------------------------++-------
Melee: Flail             ||   109
Armor: Scale mail        ||    43
       Plate armour      ||    23
Dodge: Dodged            ||    24
Block: Shield            ||    55

Table legend:
 A = Non-vault XP
 B = Vault XP
 C = Vault XP percentage of total XP
 D = Non-vault monster count
 E = Vault monster count
 F = Vault count percentage of total count
                 A         B        C        D         E       F
            +---------+---------+-------+---------+---------+-------
      Total |      54 |      12 |  18.2 |      25 |      12 |  32.4
            +---------+---------+-------+---------+---------+-------
        D:1 |      54 |      12 |  18.2 |      25 |      12 |  32.4
            +---------+---------+-------+---------+---------+-------
